[Event "Titled Tuesday Blitz October 11 Late 2022"]
[White "Coelho, Ramyres Santana"]
[Black "Kavutskiy, Konstantin"]
[WhiteFideId "2120690"]
[BlackFideId "2026384"]
[WhiteElo "1888"]
[BlackElo "2338"]
[Result "1/2-1/2"]
[Round "01"]
[TimeControl "180+1"]
[Date "2022.10.12"]
[WhiteClock "0:00:36"]
[BlackClock "0:00:33"]

1. e4 c5 2. Nf3 Nc6 3. d4 cxd4 4. c3 d3 5. Bxd3 e6 6. O-O d6 7. Qe2 Nf6 8. Rd1 Qc7 9. Nbd2 Be7 10. Nf1 O-O 11. Ng3 b6 12. Bg5 Bb7 13. b4 h6 14. Bf4 Ng4 15. h3 Nge5 16. Nxe5 Nxe5 17. Rac1 Rfd8 18. Bb1 a5 19. a3 Ba6 20. b5 Bb7 21. c4 Bf8 22. a4 Rac8 23. Ba2 Nd7 24. Qd2 Nc5 25. Qc2 e5 26. Be3 g6 27. Bxc5 dxc5 28. Rxd8 Rxd8 29. Rd1 Rd4 30. f3 Qd6 31. Bb3 Bc8 32. Ne2 Rxd1+ 33. Qxd1 Qxd1+ 34. Bxd1 Be6 35. Bb3 h5 36. Nc3 Be7 37. Nd5 Bd8 38. Kf2 f5 39. Ke3 Kf7 40. Bc2 f4+ 41. Kf2 Ke8 42. Kg1 Kd7 43. Kh2 Kc8 44. Kg1 Kb7 45. Kh2 g5 46. Kg1 g4 47. hxg4 hxg4 48. Kf2 Bh4+ 49. Ke2 Bd7 50. Bd3 Be6 51. Bc2 Bd8 52. Bd3 Kc8 53. Bc2 Kd7 54. Bd3 Ke8 55. Bc2 Kf7 56. Kf2 Kg6 57. Bd3 Kh5 58. Bc2 Kh4 59. Bd3 gxf3 60. gxf3 Kh3 61. Bf1+ Kh2 62. Bg2 Bf7 63. Kf1 Kg3 64. Kg1 Be6 65. Kf1 Bd7 66. Nc3 Be6 67. Nd5 Bc8 68. Nc3 Kh2 69. Nd5 Kg3 70. Nc3 Be6 71. Nd5 1/2-1/2


[Site "https://www.chess.com"]

[Event "Titled Tuesday Blitz October 11 Late 2022"]
[White "Curtis, John"]
[Black "Horobetz, Graham"]
[WhiteFideId "3200256"]
[BlackFideId "2047322"]
[WhiteElo "2203"]
[BlackElo "2560"]
[Result "0-1"]
[Round "01"]
[TimeControl "180+1"]
[Date "2022.10.12"]
[WhiteClock "0:00:54"]
[BlackClock "0:00:09"]

1. e4 c5 2. Nf3 d6 3. d4 cxd4 4. Nxd4 Nf6 5. Nc3 a6 6. Bg5 e6 7. Qf3 Nbd7 8. O-O-O Qc7 9. g4 b5 10. Bxf6 Nxf6 11. g5 Nd7 12. a3 Bb7 13. h4 Be7 14. Bh3 Ne5 15. Qg3 O-O 16. f4 Nc4 17. f5 exf5 18. Nxf5 Rfe8 19. h5 Bf8 20. Rhe1 Qc5 21. g6 fxg6 22. hxg6 h6 23. Nd4 Qe5 24. Qxe5 dxe5 25. Nf5 Rad8 26. Nd5 Bxd5 27. exd5 e4 28. Bf1 Nd6 29. Nxd6 Bxd6 30. Bh3 Re5 31. Be6+ Kh8 32. Bf7 e3 33. Re2 Rg5 34. c3 Rg3 35. Kc2 h5 36. Kd3 Rh3 37. Rh1 Rxh1 38. Rxe3 Rd1+ 39. Kc2 Rh1 40. Rf3 Rh2+ 41. Kb3 Be7 42. Be6 Bf6 43. Rf5 Re8 44. Bf7 Rd8 45. a4 Rh4 46. axb5 axb5 47. Be6 Rf8 48. Ka3 Rd8 49. Kb3 Be7 50. Rf7 Bf6 51. Rb7 Re4 52. Rxb5 h4 53. Rb4 Rxb4+ 54. Kxb4 h3 55. c4 h2 56. d6 h1=Q 57. Bd5 Qh3 58. b3 Qd7 59. c5 Bd4 60. Kc4 Bxc5 61. Kxc5 Qxd6+ 62. Kc4 Qxd5+ 63. Kb4 Rb8+ 64. Ka4 Qxb3+ 65. Ka5 Qb5# 0-1


[Site "https://www.chess.com"]

[Event "Titled Tuesday Blitz October 11 Late 2022"]
[White "D`Arruda, Ricardo D."]
[Black "Boros, Denes"]
[WhiteFideId "100692"]
[BlackFideId "722340"]
[WhiteElo "2431"]
[BlackElo "2464"]
[Result "1-0"]
[Round "01"]
[TimeControl "180+1"]
[Date "2022.10.12"]
[WhiteClock "0:01:05"]
[BlackClock "0:01:01"]

1. d4 e6 2. e4 c5 3. d5 d6 4. Nc3 Nf6 5. Nf3 exd5 6. Nxd5 Be7 7. Nxe7 Qxe7 8. Bd3 O-O 9. O-O Bg4 10. Bg5 h6 11. Bh4 Nc6 12. h3 Bh5 13. g4 Bg6 14. Re1 Qe6 15. c3 Rfe8 16. Nd2 h5 17. f4 Qc8 18. f5 Bh7 19. g5 Nd7 20. Qxh5 Nce5 21. Bc2 c4 22. Rf1 Qc5+ 23. Bf2 Qb5 24. Rab1 f6 25. g6 Nxg6 26. a4 Qe5 27. Nf3 Nf4 28. Nxe5 Nxh5 29. Nxd7 Re7 30. Nc5 dxc5 31. Bxc5 Rc7 32. Bd6 Rd7 33. Rbd1 Rad8 34. Bh2 g5 35. Rxd7 Rxd7 36. Rd1 Rxd1+ 37. Bxd1 Nf4 38. Bxf4 gxf4 39. Be2 Kg7 40. Bxc4 Kh6 41. Kf2 Kg5 42. Kf3 a5 1-0


[Site "https://www.chess.com"]

[Event "Titled Tuesday Blitz October 11 Late 2022"]
[White "Danielyan, Vahe"]
[Black "Torres Boch, Jose Francisco"]
[WhiteFideId "13304828"]
[BlackFideId "2278383"]
[WhiteElo "2421"]
[BlackElo "2073"]
[Result "1-0"]
[Round "01"]
[TimeControl "180+1"]
[Date "2022.10.12"]
[WhiteClock "0:00:54"]
[BlackClock "0:00:02"]

1. e4 c5 2. Nc3 d6 3. d4 cxd4 4. Qxd4 Nc6 5. Qd2 g6 6. b3 Bh6 7. f4 Nf6 8. Bb2 O-O 9. O-O-O e5 10. g3 Bg4 11. Nge2 Nd4 12. Nxd4 exd4 13. Qxd4 Bxd1 14. Qxd1 Re8 15. Bg2 Rc8 16. Kb1 Qa5 17. Qd4 Bg7 18. Qd3 Ng4 19. Nd5 Nf2 20. Qe3 Nxh1 21. Bxg7 Qxd5 22. Bd4 Qc6 23. Qd3 Nf2 24. Bxf2 Qc3 25. Qd1 d5 26. Bd4 Qb4 27. e5 Rc4 28. Bb2 Re4 29. Bxe4 Qxe4 30. Qd4 Qe1+ 31. Bc1 Rd8 32. Kb2 Qa5 33. Be3 a6 34. Qb6 Qxb6 35. Bxb6 Rc8 36. Bd4 Kf8 37. c3 Ke7 38. Ka3 Ke6 39. Kb4 Kf5 40. Ka5 Rc6 41. a4 Kg4 42. b4 Kh3 43. b5 axb5 44. axb5 Re6 45. Kb4 Kxh2 46. g4 h5 47. f5 Re8 48. gxh5 gxh5 49. Kc5 h4 50. Kd6 h3 51. e6 fxe6 52. fxe6 Kg2 53. Be5 Rd8+ 54. Kc7 d4 55. cxd4 Rxd4 56. e7 Rc4+ 57. Kd7 Rd4+ 58. Bxd4 h2 59. e8=Q h1=Q 60. Qe4+ Kh2 61. Qxh1+ Kxh1 62. Kc7 1-0


[Site "https://www.chess.com"]

[Event "Titled Tuesday Blitz October 11 Late 2022"]
[White "Dardha, Arben"]
[Black "Girel, Joseph"]
[WhiteFideId "4700481"]
[BlackFideId "36033561"]
[WhiteElo "2438"]
[BlackElo "2801"]
[Result "0-1"]
[Round "01"]
[TimeControl "180+1"]
[Date "2022.10.12"]
[WhiteClock "0:00:07"]
[BlackClock "0:00:30"]

1. e4 e5 2. d4 Nc6 3. dxe5 Nxe5 4. f4 Ng6 5. Nf3 Bc5 6. Bc4 d6 7. f5 N6e7 8. Ng5 Nh6 9. Nc3 c6 10. Qh5 d5 11. exd5 cxd5 12. Bb5+ Bd7 13. Bd2 d4 14. Bxd7+ Qxd7 15. Nce4 Qxf5 16. Rf1 Qd5 17. Nxc5 Qxc5 18. Rxf7 O-O-O 19. Rxg7 Nhf5 20. Nf3 Kb8 21. Bf4+ Ka8 22. Rxe7 Qxe7+ 23. Be5 Rhf8 24. O-O-O Qb4 25. Qxh7 Ne3 26. a3 Qc4 27. b3 Qc5 28. Kb2 d3 29. Bd4 Qxc2+ 30. Ka1 Qxd1+ 31. Kb2 Qc2+ 32. Ka1 Rxf3 33. g3 d2 34. Qxc2 Nxc2+ 35. Kb2 d1=Q 36. Bc3 Rxc3 37. a4 Rxb3+ 38. Kxb3 Qh1 39. a5 Qxh2 40. a6 Qxg3+ 41. Ka4 bxa6 42. Ka5 Qa3# 0-1


[Site "https://www.chess.com"]

[Event "Titled Tuesday Blitz October 11 Late 2022"]
[White "De Souza, Cristiano Gomes"]
[Black "Aldokhin, Ivan"]
[WhiteFideId "2151758"]
[BlackFideId "24115720"]
[WhiteElo "2068"]
[BlackElo "2313"]
[Result "1/2-1/2"]
[Round "01"]
[TimeControl "180+1"]
[Date "2022.10.12"]
[WhiteClock "0:00:05"]
[BlackClock "0:00:04"]

1. d4 Nf6 2. c4 g6 3. Nc3 Bg7 4. e4 d6 5. Nf3 O-O 6. Be2 Nc6 7. O-O Re8 8. d5 Nb4 9. a3 Na6 10. Nd4 Nc5 11. f3 a5 12. Be3 a4 13. Qc2 Bd7 14. Rae1 e5 15. dxe6 Nxe6 16. Nxe6 Rxe6 17. Nd5 Bc6 18. Bf2 Nd7 19. Bd3 Ne5 20. Qd2 Nxd3 21. Qxd3 Bxb2 22. Bd4 Bxd4+ 23. Qxd4 Bxd5 24. cxd5 Re7 25. Rb1 c5 26. dxc6 bxc6 27. Rfd1 d5 28. exd5 cxd5 29. Qxd5 Qxd5 30. Rxd5 Re3 31. Rd7 Rxa3 32. Rbb7 Rb3 33. Rbc7 Rf8 34. Ra7 a3 35. Kf2 Kg7 36. Kg3 h5 37. h4 Kf6 38. Rd6+ Ke5 39. Rda6 f5 40. Ra5+ Kd4 41. Ra4+ Ke3 42. Rxa3 f4+ 43. Kh3 Rxa3 44. Rxa3+ Kd4 45. Ra4+ Ke5 46. Ra6 Rf6 47. Ra8 Kf5 48. Ra5+ Ke6 49. Rg5 Kf7 50. g3 fxg3 51. Kxg3 Rb6 52. Re5 Kf6 53. Re4 Ra6 54. Rf4+ Kg7 55. Rb4 Kf6 56. Kf4 Ra5 57. Rc4 Rf5+ 58. Ke3 Ra5 59. Rf4+ Ke5 60. Re4+ Kf5 61. Rf4+ Ke6 62. Rb4 Kf6 63. Kf4 Kg7 64. Rb7+ Kh6 65. Rb6 Ra4+ 66. Ke5 Rxh4 67. f4 Rh1 68. f5 Re1+ 69. Kd4 Kg5 70. fxg6 Kh6 71. Kd3 Rg1 72. Ke2 Rxg6 73. Rb8 h4 74. Kf2 Kg5 75. Kg2 Kh5+ 76. Kh2 Kg4 77. Rb4+ Kh5 78. Kh3 Kg5 79. Rxh4 Rh6 80. Rxh6 Kxh6 1/2-1/2


[Site "https://www.chess.com"]

[Event "Titled Tuesday Blitz October 11 Late 2022"]
[White "Dilmukhametov, Artur"]
[Black "Yi, Richard"]
[WhiteFideId "24179922"]
[BlackFideId "2079518"]
[WhiteElo "2197"]
[BlackElo "2147"]
[Result "0-1"]
[Round "01"]
[TimeControl "180+1"]
[Date "2022.10.12"]
[WhiteClock "0:00:05"]
[BlackClock "0:00:12"]

1. e4 e5 2. Nf3 Nc6 3. Bb5 Nf6 4. O-O Nxe4 5. d4 Nd6 6. dxe5 Nxb5 7. a4 Nbd4 8. Nxd4 Nxd4 9. Qxd4 d5 10. exd6 Qxd6 11. Qe4+ Qe6 12. Qd4 Qd6 13. Qe3+ Be6 14. Nc3 c6 15. Ne4 Qd5 16. b3 Be7 17. Bb2 O-O 18. Rad1 Qh5 19. Qg3 Qg6 20. Rfe1 b5 21. a5 Qxg3 22. hxg3 Rfd8 23. Bd4 Bb4 24. Bc3 Be7 25. Bd4 Bf5 26. c3 Kf8 27. b4 Rdc8 28. Bc5 Rc7 29. Nd6 Be6 30. f4 Rd8 31. f5 Bb3 32. Rd3 Rcd7 33. f6 gxf6 34. c4 Bxc4 35. Nxc4 Bxc5+ 36. bxc5 Rxd3 37. Nd6 Ra3 38. Nb7 Rd7 39. Nd6 Rxa5 40. Re8+ Kg7 41. Nf5+ Kg6 42. g4 Kg5 43. Ne3 Kf4 44. Kh2 Ra3 45. Nf5 Kxg4 46. Nd6 Rc3 47. Ne4 Rdd3 48. Nxf6+ Kf5 49. Nxh7 Rxc5 50. Re7 Kg6 51. Nf8+ Kf6 52. Rxa7 Rh5+ 53. Kg1 Rd1+ 54. Kf2 Rf5+ 55. Ke2 Rff1 56. Nd7+ Kg7 57. Nc5 Rde1+ 58. Kd2 Re5 59. Nd3 Rd5 60. Ke2 Rf6 61. Nb4 Re6+ 62. Kf3 Rf5+ 63. Kg4 Rc5 64. Kh3 Rg6 65. Kh2 Rh6+ 66. Kg3 Rc4 67. Na2 Rg6+ 68. Kf3 Rc2 69. Nb4 Rf6+ 70. Ke3 Rc4 71. Nd3 Re6+ 72. Kd2 Rd6 73. Ke2 Rc2+ 74. Kd1 Rc3 75. Kd2 Rcxd3+ 76. Ke2 Rd2+ 0-1


[Site "https://www.chess.com"]

[Event "Titled Tuesday Blitz October 11 Late 2022"]
[White "Domingo Nunez, Ruben"]
[Black "Kobla, Vishal"]
[WhiteFideId "22245570"]
[BlackFideId "2078457"]
[WhiteElo "2406"]
[BlackElo "1972"]
[Result "0-1"]
[Round "01"]
[TimeControl "180+1"]
[Date "2022.10.12"]
[WhiteClock "0:00:25"]
[BlackClock "0:00:47"]

1. c4 e6 2. b3 Nf6 3. Bb2 Be7 4. Nf3 d5 5. e3 O-O 6. Be2 c5 7. O-O Nc6 8. Nc3 d4 9. exd4 cxd4 10. Nb5 d3 11. Bxd3 Qxd3 12. Re1 a6 13. Nc3 b6 14. Na4 Rb8 15. Re3 Qd7 16. Nc3 Bb7 17. d4 Rfd8 18. Na4 Qc7 19. Qe2 Ng4 20. Re4 Nf6 21. Re3 b5 22. cxb5 axb5 23. Qxb5 Ng4 24. Re4 Na7 25. Qe2 Bxe4 26. Qxe4 Nf6 27. Qe2 Nb5 28. h3 Nd5 29. Rc1 Qa7 30. Ne5 Nxd4 31. Bxd4 Qxd4 32. Nc6 Qf4 33. Rc4 Qf6 34. Nxb8 Rxb8 35. Qc2 g6 36. Nb2 Nb4 37. Qb1 Nd5 38. Nd3 Qf5 39. Qd1 Rd8 40. Qe2 Nb6 41. g4 Qxd3 0-1


[Site "https://www.chess.com"]

[Event "Titled Tuesday Blitz October 11 Late 2022"]
[White "Duda, Jan-Krzysztof"]
[Black "Msellek, Ilyass"]
[WhiteFideId "1170546"]
[BlackFideId "675938"]
[WhiteElo "2779"]
[BlackElo "2303"]
[Result "1-0"]
[Round "01"]
[TimeControl "180+1"]
[Date "2022.10.11"]
[WhiteClock "0:01:32"]
[BlackClock "0:00:04"]

1. d4 d6 2. Nf3 Bf5 3. g3 Nf6 4. Bg2 g6 5. c4 Bg7 6. O-O O-O 7. Re1 c6 8. Nh4 Be4 9. f3 Bxb1 10. Rxb1 e5 11. e3 a5 12. b3 Na6 13. a3 Qc8 14. Qc2 Re8 15. Bb2 Qc7 16. Rbd1 Rad8 17. Bf1 e4 18. f4 c5 19. d5 Qc8 20. Bc3 b6 21. Qb2 Nh5 22. Be2 Bxc3 23. Qxc3 Ng7 24. g4 Rd7 25. Kh1 Qd8 26. Ng2 f6 27. Rg1 Qe7 28. Ne1 g5 29. Nc2 h6 30. Rdf1 Rf8 31. Rg2 Rdd8 32. Rgf2 Nc7 33. b4 cxb4 34. axb4 axb4 35. Nxb4 Rde8 36. Nc6 Qd7 37. fxg5 fxg5 38. Rxf8+ Rxf8 39. Rxf8+ Kxf8 40. Qf6+ Kg8 41. Ne7+ Kh7 42. Qg6+ Kh8 43. Qxh6# 1-0


[Site "https://www.chess.com"]

[Event "Titled Tuesday Blitz October 11 Late 2022"]
[White "Ernst, Sipke"]
[Black "Ovezdurdyyeva, Jemal"]
[WhiteFideId "1004689"]
[BlackFideId "14001888"]
[WhiteElo "2438"]
[BlackElo "1961"]
[Result "1-0"]
[Round "01"]
[TimeControl "180+1"]
[Date "2022.10.12"]
[WhiteClock "0:00:15"]
[BlackClock "0:00:04"]

1. d4 Nf6 2. c4 e6 3. g3 d5 4. Nf3 Be7 5. Bg2 c6 6. O-O Ne4 7. Nc3 f5 8. Nxe4 fxe4 9. Ne5 Nd7 10. Nxd7 Bxd7 11. f3 exf3 12. Bxf3 O-O 13. Qd3 Be8 14. Bf4 Bg6 15. Qe3 Qd7 16. c5 Bf6 17. Be5 Bxe5 18. Qxe5 Rf5 19. Qe3 Raf8 20. Bg4 Rxf1+ 21. Rxf1 Rxf1+ 22. Kxf1 Be4 23. Qf4 Qf7 24. Ke1 Qxf4 25. gxf4 Kf7 26. h4 g6 27. e3 Kf6 28. Kf2 Bf5 29. Be2 h6 30. b4 g5 31. hxg5+ hxg5 32. Kg3 gxf4+ 33. Kxf4 Bg6 34. b5 Be8 35. b6 axb6 36. cxb6 c5 37. dxc5 e5+ 38. Kg3 Kf5 39. Bf3 e4 40. Bh5 Bc6 41. Kf2 Ke5 42. Ke2 d4 43. Bf7 d3+ 44. Kd2 Ba4 45. Kc3 Bc6 46. Bb3 Bb5 47. a4 Bc6 48. a5 Bb5 49. Bf7 Ba6 50. Ba2 Bb5 51. Bb3 Ba6 52. Ba4 Kd5 53. c6 bxc6 54. Bb3+ Kc5 55. Ba4 Kd6 56. Kd4 c5+ 57. Kxe4 c4 58. Kd4 Ke6 59. e4 Kd6 60. e5+ Ke6 61. Bd1 d2 62. Bg4+ Ke7 63. Kc3 d1=Q 64. Bxd1 Ke6 65. Kd4 c3 66. Bg4+ Ke7 67. Kxc3 Bb7 68. Kd4 Ba6 69. Bf3 Ke6 70. Bd5+ Ke7 71. Kc5 1-0


[Site "https://www.chess.com"]

[Event "Titled Tuesday Blitz October 11 Late 2022"]
[White "Evdokimov, Alexey"]
[Black "Yuan, Qingyu"]
[WhiteFideId "24162450"]
[BlackFideId "8609772"]
[WhiteElo "2154"]
[BlackElo "2359"]
[Result "0-1"]
[Round "01"]
[TimeControl "180+1"]
[Date "2022.10.12"]
[WhiteClock "0:00:01"]
[BlackClock "0:00:06"]

1. e4 c6 2. d4 d5 3. e5 c5 4. Nf3 cxd4 5. Nxd4 Nc6 6. Bb5 Bd7 7. e6 fxe6 8. O-O Nf6 9. Re1 Nxd4 10. Bxd7+ Qxd7 11. Qxd4 a5 12. a4 g6 13. Bf4 Bg7 14. Be5 O-O 15. Nc3 Rac8 16. Re2 Rc4 17. Qb6 Qc6 18. Qxa5 Ng4 19. Bxg7 Kxg7 20. h3 Nh6 21. Qb5 Nf5 22. Qxc6 Rxc6 23. Rd1 Rfc8 24. Rdd2 Kf7 25. Nb5 Rc5 26. c3 Rc4 27. b3 R4c5 28. g3 Nd6 29. Nxd6+ exd6 30. c4 dxc4 31. Rxd6 c3 32. Rd7+ Ke8 33. Rd1 c2 34. Rc1 Ke7 35. Kf1 Kd6 36. Ke1 e5 37. Rd2+ Ke6 38. Ke2 Rc3 39. b4 R8c4 40. b5 Rxa4 41. Rdxc2 Rxc2+ 42. Rxc2 Rb4 43. Rc7 Rxb5 44. Rxh7 Rb3 45. Rh8 b5 46. Rb8 b4 47. Kd2 Kf5 48. Kc2 Rc3+ 49. Kd2 Rb3 50. Kc2 Rf3 51. Rxb4 Rxf2+ 0-1


[Site "https://www.chess.com"]

[Event "Titled Tuesday Blitz October 11 Late 2022"]
[White "Fernandez De La Vara, Arnaldo"]
[Black "Baltaci, Ismail Tarik"]
[WhiteFideId "3518388"]
[BlackFideId "6365213"]
[WhiteElo "2387"]
[BlackElo "2339"]
[Result "1-0"]
[Round "01"]
[TimeControl "180+1"]
[Date "2022.10.12"]
[WhiteClock "0:01:34"]
[BlackClock "0:00:01"]

1. Nf3 d5 2. b3 f6 3. Bb2 e5 4. d3 Be6 5. g3 Nc6 6. Bg2 Bd6 7. c4 Nge7 8. O-O O-O 9. a3 a6 10. Qc2 Ng6 11. Ng5 fxg5 12. cxd5 Bd7 13. dxc6 bxc6 14. Bxc6 Bxc6 15. Qxc6 Kh8 16. Nc3 Rb8 17. b4 Rb6 18. Qc4 g4 19. Qxg4 Rb8 20. Ne4 Qe7 21. Rac1 a5 22. Nxd6 cxd6 23. Bc3 axb4 24. Bxb4 Qf6 25. Rc6 Rfd8 26. h4 Ne7 27. Rc2 Nd5 28. Bd2 Rb3 29. Bg5 1-0


[Site "https://www.chess.com"]

[Event "Titled Tuesday Blitz October 11 Late 2022"]
[White "Fernandez Siles, Luis"]
[Black "Gatineau, Yovann"]
[WhiteFideId "2209420"]
[BlackFideId "26028999"]
[WhiteElo "2186"]
[BlackElo "2275"]
[Result "1-0"]
[Round "01"]
[TimeControl "180+1"]
[Date "2022.10.12"]
[WhiteClock "0:00:08"]
[BlackClock "0:00:02"]

1. e4 e6 2. d4 d5 3. Nd2 dxe4 4. Nxe4 Nf6 5. Nxf6+ gxf6 6. Nf3 b6 7. Be2 Bb7 8. O-O Bd6 9. Be3 Nd7 10. Qd2 Qe7 11. a4 Rg8 12. a5 e5 13. Rfe1 f5 14. a6 Be4 15. Bd1 f4 16. dxe5 Nxe5 17. Bxf4 Bxf3 18. Bxe5 Rxg2+ 19. Kf1 Bxe5 20. Bxf3 Rxh2 21. Qe3 1-0


[Site "https://www.chess.com"]

[Event "Titled Tuesday Blitz October 11 Late 2022"]
[White "Gajewski, Grzegorz"]
[Black "Herman, Daniel"]
[WhiteFideId "1116207"]
[BlackFideId "30935008"]
[WhiteElo "2819"]
[BlackElo "2444"]
[Result "1-0"]
[Round "01"]
[TimeControl "180+1"]
[Date "2022.10.12"]
[WhiteClock "0:02:46"]
[BlackClock "0:01:12"]

1. Nf3 g6 2. g3 Bg7 3. c4 e5 4. Nc3 Nc6 5. d3 Nge7 6. h4 d5 7. cxd5 Nxd5 8. Bd2 O-O 9. Bg2 Nb6 10. h5 Bg4 11. hxg6 hxg6 12. Qc1 Re8 13. Bh6 Bh8 14. Bg5 Qd7 15. Rxh8+ Kxh8 16. Bf6+ Kh7 17. Ng5+ Kg8 18. Nce4 Qf5 19. f3 Bh5 20. Bh3 1-0


[Site "https://www.chess.com"]

[Event "Titled Tuesday Blitz October 11 Late 2022"]
[White "Garagulya, Konstantin"]
[Black "Maksimovic, Bojan"]
[WhiteFideId "4128931"]
[BlackFideId "14408120"]
[WhiteElo "2329"]
[BlackElo "2447"]
[Result "0-1"]
[Round "01"]
[TimeControl "180+1"]
[Date "2022.10.11"]
[WhiteClock "0:01:08"]
[BlackClock "0:01:16"]

1. d4 Nf6 2. Nf3 d6 3. Nc3 Bf5 4. Nh4 Bd7 5. e4 g6 6. Nf3 Bg7 7. Bc4 Nc6 8. e5 dxe5 9. dxe5 Ng4 10. Bxf7+ Kxf7 11. Ng5+ Ke8 12. e6 Bxe6 13. Nxe6 Bxc3+ 14. bxc3 Qxd1+ 15. Kxd1 Nxf2+ 16. Ke2 Nxh1 17. Nxc7+ Kd7 18. Nxa8 Rxa8 19. Be3 Rf8 20. Rxh1 Rf5 21. Rf1 Ke6 22. Rb1 b6 23. h3 Ra5 24. Ra1 Ra3 25. Kd3 Ne5+ 26. Kd4 Ra4+ 27. c4 Rxc4# 0-1


[Site "https://www.chess.com"]

[Event "Titled Tuesday Blitz October 11 Late 2022"]
[White "Gasparyan, David"]
[Black "Vlassov, Nikolai"]
[WhiteFideId "13311980"]
[BlackFideId "4103360"]
[WhiteElo "2345"]
[BlackElo "2324"]
[Result "0-1"]
[Round "01"]
[TimeControl "180+1"]
[Date "2022.10.12"]
[WhiteClock "0:01:06"]
[BlackClock "0:01:20"]

1. d4 Nf6 2. Nf3 e6 3. e3 c5 4. c3 b6 5. Bd3 Bb7 6. Nbd2 Be7 7. O-O d6 8. Qe2 Nbd7 9. e4 Qc7 10. Re1 h6 11. Nc4 b5 12. Ncd2 c4 13. Bc2 g5 14. e5 dxe5 15. dxe5 Nd5 16. Ne4 a6 17. Ng3 O-O-O 18. a4 Nf4 19. Bxf4 gxf4 20. Nh5 Rhg8 21. axb5 axb5 22. Nxf4 Qc6 23. Be4 Qxe4 24. Qxe4 Bxe4 25. Rxe4 Nc5 26. Rd4 Nb3 27. Ra8+ Kb7 28. Raxd8 Rxd8 29. Rxd8 Bxd8 30. Ne2 Bb6 31. Kf1 Nc5 32. Ned4 Ka6 33. Ne1 Na4 34. Nec2 Nxb2 35. Nb4+ Ka5 36. Ndc6+ Ka4 37. Ke2 Kb3 38. Ne7 Kxc3 39. Ned5+ exd5 40. Nxd5+ Kb3 41. Nxb6 c3 42. Nd7 c2 43. Nc5+ Kc4 44. Kd2 Kxc5 45. Kxc2 Nc4 46. f4 Ne3+ 47. Kd3 Nxg2 48. Ke4 b4 49. Kf5 b3 50. Kf6 Nxf4 51. Kxf7 b2 0-1


[Site "https://www.chess.com"]

[Event "Titled Tuesday Blitz October 11 Late 2022"]
[White "Girsh, Daniel"]
[Black "Rorrer, Grayson"]
[WhiteFideId "30949190"]
[BlackFideId "30944996"]
[WhiteElo "2441"]
[BlackElo "2804"]
[Result "0-1"]
[Round "01"]
[TimeControl "180+1"]
[Date "2022.10.12"]
[WhiteClock "0:00:14"]
[BlackClock "0:00:14"]

1. e4 c5 2. Nf3 d6 3. d4 cxd4 4. Nxd4 Nf6 5. Nc3 a6 6. Be2 e5 7. Nb3 Be7 8. Be3 Be6 9. O-O O-O 10. Qd2 Nbd7 11. a4 Rc8 12. a5 Qc7 13. Bf3 Rfe8 14. Rfd1 h6 15. Rac1 Nf8 16. Nd5 Bxd5 17. exd5 N8h7 18. c4 Ng5 19. Be2 Qd7 20. c5 dxc5 21. Nxc5 Bxc5 22. Bxc5 Nge4 23. Qe3 Nxc5 24. Rxc5 Rxc5 25. Qxc5 Rc8 26. Qe3 Qd6 27. Qb3 Rc7 28. Qb6 Qxb6 29. axb6 Rd7 30. d6 Ne8 31. Bxa6 Rxd6 32. Rxd6 Nxd6 33. Be2 Kf8 34. Kf1 Ke7 35. Bd1 Nc4 36. Bf3 e4 37. Bg4 Nxb6 38. Bf5 Nc4 39. Ke2 Nd6 40. Bh3 f5 41. Ke3 Kf6 42. Kd4 g5 43. g3 Nf7 44. g4 fxg4 45. Bxg4 Ne5 46. Be2 Kf5 47. Kd5 Kf4 48. h3 Nd3 49. f3 Nb4+ 50. Kc4 exf3 51. Bf1 Nc6 52. Kc5 Kg3 53. Kb6 h5 54. Kxb7 Nb4 55. Kc7 g4 56. hxg4 hxg4 57. Kd6 Kf2 58. Kc5 Nc2 59. Bd3 Ne1 60. Bf5 g3 61. b4 g2 62. b5 g1=Q 63. b6 Qg5 64. Kc6 Qxf5 65. b7 Qb1 66. Kc7 Nd3 67. b8=Q Qxb8+ 68. Kxb8 Ke3 69. Kc7 f2 70. Kd6 f1=Q 71. Kc7 Qf6 72. Kb7 Qd6 73. Ka8 Qe7 74. Kb8 Kd4 75. Ka8 Kc5 76. Kb8 Kb6 77. Ka8 Qb7# 0-1


[Site "https://www.chess.com"]

[Event "Titled Tuesday Blitz October 11 Late 2022"]
[White "Gledura, Benjamin"]
[Black "Krzywda, Andrzej"]
[WhiteFideId "712779"]
[BlackFideId "1114565"]
[WhiteElo "2537"]
[BlackElo "2149"]
[Result "1-0"]
[Round "01"]
[TimeControl "180+1"]
[Date "2022.10.12"]
[WhiteClock "0:00:05"]
[BlackClock "0:00:03"]

1. d4 Nf6 2. Nf3 e6 3. g3 b6 4. Bg2 Bb7 5. c4 c5 6. d5 exd5 7. Nh4 g6 8. Nc3 Bg7 9. Nxd5 Nxd5 10. Bxd5 Bxd5 11. Qxd5 Nc6 12. O-O O-O 13. Rd1 Re8 14. Be3 Nb4 15. Qd2 Qf6 16. a3 Nc6 17. Rab1 Nd4 18. Bxd4 Qxd4 19. Qxd4 cxd4 20. Kf1 Rac8 21. b3 d5 22. cxd5 Rcd8 23. Ng2 Rxd5 24. Nf4 Ra5 25. a4 b5 26. axb5 Rxb5 27. Nd3 a5 28. Rdc1 Reb8 29. Ra1 h5 30. h4 Bf8 31. Rc4 Bg7 32. Ra2 Rxb3 33. Rxa5 Rc3 34. Rb4 Rxb4 35. Nxb4 Rc1+ 36. Kg2 Rb1 37. Nd3 Kf8 38. Ra7 Bf6 39. Kf3 Rb3 40. Ke4 Rc3 41. Nf4 Rc2 42. Rd7 Bg7 43. Kf3 Kg8 44. Rd8+ Kh7 45. Nd3 Rc3 46. Rd7 Kg8 47. Ke4 Rc2 48. Nf4 Ra2 49. Rd8+ Kh7 50. Rc8 Rb2 51. Kd3 Rb3+ 52. Kc2 Ra3 53. Nd3 Ra2+ 54. Kd1 Ra1+ 55. Rc1 Ra2 56. Rc7 Ra1+ 57. Kd2 Ra2+ 58. Rc2 Ra1 59. Nb4 Ra4 60. Nc6 Ra1 61. Nb4 Rf1 62. Nd3 Ra1 63. Rc7 Ra2+ 64. Kd1 Ra1+ 65. Rc1 Ra2 66. Rb1 Ra3 67. Nf4 Ra2 68. Nh3 Ra3 69. Ng5+ Kg8 70. Rb8+ Bf8 71. Nh7 Kxh7 72. Rxf8 Kg7 73. Rc8 d3 74. e4 Ra2 75. Ke1 d2+ 76. Ke2 Ra4 77. f3 Ra2 78. Rd8 Kf6 79. Rxd2 Ra3 80. Kf2 Rb3 81. Rd5 Ra3 82. Rb5 Ra2+ 83. Ke3 Ra3+ 84. Kf4 Ra2 85. Rb7 Kg7 86. e5 Ra4+ 87. Kg5 Ra5 88. f4 Rc5 89. g4 hxg4 90. Kxg4 Rc3 91. h5 gxh5+ 92. Kxh5 Re3 93. Kg5 Re1 94. Kf5 Re2 95. Re7 Re1 96. e6 1-0


[Site "https://www.chess.com"]

[Event "Titled Tuesday Blitz October 11 Late 2022"]
[White "Godzwon, Iwo"]
[Black "Zhukov, Maksim"]
[WhiteFideId "21802483"]
[BlackFideId "34181790"]
[WhiteElo "2284"]
[BlackElo "1929"]
[Result "1-0"]
[Round "01"]
[TimeControl "180+1"]
[Date "2022.10.12"]
[WhiteClock "0:00:49"]
[BlackClock "0:01:04"]

1. e4 d5 2. exd5 Nf6 3. d4 Nxd5 4. Nf3 Bg4 5. Be2 e6 6. O-O Be7 7. c4 Nb6 8. Nc3 O-O 9. c5 Nd5 10. Ne5 Bxe2 11. Qxe2 Nd7 12. Nc4 b6 13. cxb6 N7xb6 14. Ne5 Bf6 15. Ne4 Bxe5 16. dxe5 h6 17. b3 Qe7 18. a4 Rfd8 19. a5 Nd7 20. Ba3 Qh4 21. g3 Qh3 22. f4 Rab8 23. Rf3 Rb5 24. Qxb5 Qg4 25. Qf1 Qf5 26. Re1 Rb8 27. Nc5 Nxc5 28. Bxc5 Qc2 29. b4 Nxb4 30. Bxb4 Rxb4 31. Qd3 Qc5+ 32. Kg2 Qxa5 33. f5 exf5 34. Qxf5 Rb2+ 35. Rf2 Qd5+ 36. Qf3 Rxf2+ 37. Kxf2 Qd2+ 38. Re2 Qd4+ 39. Qe3 Qd5 40. e6 Qf5+ 41. Kg2 Qd5+ 42. Qe4 fxe6 43. Qxd5 exd5 44. Re7 c5 45. Rxa7 c4 46. Ra5 d4 47. Rc5 c3 48. Kf3 Kf7 49. Ke4 Ke6 50. Kxd4 Kd6 51. Rxc3 1-0


[Site "https://www.chess.com"]

[Event "Titled Tuesday Blitz October 11 Late 2022"]
[White "Gokerkan, Cem Kaan"]
[Black "Melikhov, Evgeny V."]
[WhiteFideId "6336760"]
[BlackFideId "4122046"]
[WhiteElo "2799"]
[BlackElo "2434"]
[Result "1-0"]
[Round "01"]
[TimeControl "180+1"]
[Date "2022.10.12"]
[WhiteClock "0:01:58"]
[BlackClock "0:00:01"]

1. c4 e6 2. d4 d5 3. Nc3 Bb4 4. cxd5 exd5 5. Nf3 Nf6 6. Bg5 h6 7. Bxf6 Qxf6 8. e3 O-O 9. Rc1 c6 10. Bd3 Bf5 11. Bxf5 Qxf5 12. Qb3 Bxc3+ 13. Rxc3 Qc8 14. O-O Nd7 15. Qc2 Nf6 16. Nd2 Re8 17. b4 a6 18. a4 Qg4 19. b5 cxb5 20. axb5 a5 21. Nf3 Ne4 22. Rc7 Ng5 23. Nxg5 Qxg5 24. Rxb7 a4 25. b6 a3 26. Qc7 a2 27. Qxf7+ Kh7 28. Ra7 Rxa7 29. bxa7 Ra8 30. Qb7 1-0


[Site "https://www.chess.com"]